 Dungeon Crawl Stone Soup version 0.30-a0-711-gf4ac18a38d (webtiles) character file.

Game seed: 4074426047671395608

8 zinnoa the Magician (level 2, 0/21 HPs)
             Began as a Djinni Summoner on Jan 23, 2023.
             Slain by a goblin
             ... wielding a +0 club
              (4 damage)
             ... on level 1 of the Dungeon.
             The game lasted 00:02:56 (440 turns).

zinnoa the Magician (Djinni Summoner)                Turns: 440, Time: 00:02:56

Health: 0/21       AC:  2    Str:  7    XL:     2   Next: 15%
Gold:   32         EV: 12    Int: 16    God:
                   SH:  0    Dex: 13

rFire   + + .      SeeInvis .    (no weapon)
rCold   x . .      Faith    .    (no shield)
rNeg    . . .      Spirit   .    a - +0 robe
rPois   ∞          Reflect  .    (no helmet)
rElec   .          Harm     .    (no cloak)
rCorr   .          Rampage  .    (no gloves)
Will    .....                    (boots unavailable)
Stlth   ++                       (no amulet)
HPRegen 0.23/turn                (no ring)
MPRegen 0.00/turn                (no ring)

@: flying
A: sickness immunity, fire resistance 2, cold vulnerability 1, float, innate
caster, HP casting, extra vitality 1
a: no special abilities


You were on level 1 of the Dungeon.
You visited 1 branch of the dungeon, and saw 1 of its levels.

You collected 32 gold pieces.

Inventory:

Armour
 a - a +0 robe (worn)
Potions
 b - a potion of magic


   Skills:
 + Level 2.2 Dodging
 + Level 1.5 Stealth
 + Level 3.5 Spellcasting


You couldn't memorise any spells.
You knew the following spells:

 Your Spells              Type           Power      Damage    Failure   Level
a - Summon Small Mammal   Summ           56%        N/A       4%          1
b - Call Imp              Summ           14%        N/A       6%          2
c - Call Canine Familiar  Summ           14%        N/A       12%         3
d - Summon Guardian Gole  Hex/Summ       14%        N/A       12%         3
e - Summon Lightning Spi  Summ/Air       14%        N/A       38%         4
Your spell library was empty.

Dungeon Overview and Level Annotations

Branches:
Dungeon (1/15)

Altars:


Innate Abilities, Weirdness & Mutations

You are immune to sickness and miasma.
You are immune to poison.
Your flesh is very heat resistant. (rF++)
You are vulnerable to cold. (rC-)
You float through the air rather than walking.
You learn spells naturally, not from books.
Your magical power is your life essence.
You have superior vitality. (+4 MHP)


Message History

Casting: Call Imp (safe; 6% risk of failure)
Confirm with . or Enter, or press ? or * to list all spells.
Your crimson imp blinks!
You swap places.
Your bat disappears in a puff of smoke!
The bat hits you.
Your rat barely misses the bat.
You swap places.
The bat barely misses you. The bat closely misses you.
Your rat barely misses the goblin.
The goblin barely misses your rat. The bat hits your crimson imp.
Your rat misses the goblin.
Your crimson imp misses the bat.
The goblin hits your rat with a +0 club.
Your rat dies!
Your rat's corpse disappears in a puff of smoke!
You closely miss the bat. The bat hits you but does no damage.
Your crimson imp barely misses the bat.
The bat hits you.
Your crimson imp blinks!
You hit the bat.
The bat is moderately wounded.
The bat barely misses you. The bat hits you but does no damage.
The bat closely misses you. The bat barely misses you.
The bat attacks as you move away! The bat closely misses you.
The bat barely misses you.
Your crimson imp blinks!
The goblin misses you. The bat hits you but does no damage.
You hit the bat but do no damage. The bat hits you. x2
The endoplasm freezes you.
You are frozen.
You feel a terrible chill! The goblin misses you.
You hit the bat but do no damage. The bat closely misses you.
The goblin hits you with a +0 club. The endoplasm freezes you.
You are frozen!
You feel a terrible chill!
* * * LOW HITPOINT WARNING * * *
You barely miss the bat. The bat hits you.
* * * LOW HITPOINT WARNING * * *
The bat closely misses you.
Your crimson imp hits the endoplasm.
The goblin hits you with a +0 club.
You die...

#.# .. #...>...... #.##.#
#......#### #....#
#......# ##...# #......#
.....## #####......###
##.#..######.............
##.........).###.##.#####
##.....#########.##.#
[..##).# #...@.#.#
#####..# #..bJg#.# #..#
#....5#.#### #...
#..........## ##..#
#.....#.....# #..#
#.........#.... ..#
#.....#...# ##. ...
####(##$..# ......###


You could see an endoplasm, a goblin, a bat (ally target) and a friendly crimson
imp (summoned).

Vanquished Creatures (collateral kills)
  A bat (D:1)
  2 endoplasms (D:1)
  2 quokkas (D:1)
  A frilled lizard (D:1)
  A kobold (D:1)
7 creatures vanquished.

Notes
Turn   | Place    | Note
-------+----------+-------------------------------------------
     0 | D:1      | zinnoa the Djinni Summoner began the quest for the Orb.
     0 | D:1      | zinnoa set off with the following spells memorised: Summon
                  | Small Mammal, Call Imp, Call Canine Familiar, Summon
                  | Guardian Golem, Summon Lightning Spire.
     0 | D:1      | Reached XP level 1. HP: 15/15 MP: 0/0
    14 | D:1      | Found a faded altar of an unknown god.
   110 | D:1      | Reached XP level 2. HP: 19/21 MP: 0/0
   440 | D:1      | Slain by a goblin

Illustrated notes

Levels and vault maps discovered:
D:1:      dpeg_arrival_tiny_a, layout_rooms, ebering_ecumenical_altar_webs

Action                     || total
---------------------------++-------
  Melee: Unarmed           ||     9
   Cast: Summon Small Mamm ||    11
         Call Imp          ||     6
 Armour: Robe              ||     4
  Dodge: Dodged            ||    16

Table legend: (Time is in decaauts)
 A = Elapsed time spent in this place.
 B = Non-inter-level travel time spent in this place.
 C = Inter-level travel time spent in this place.
 D = Time resting spent in this place.
 E = Time spent auto-exploring this place.
 F = Levels seen in this place.
 G = Mean time per level.
                   A        B        C        D        E       F      G
               +--------+--------+--------+--------+--------+-----+--------+
         Total |    440 |    440 |      0 |    263 |     17 |   1 |  440.0 |
       Dungeon |    440 |    440 |      0 |    263 |     17 |   1 |  440.0 |
               +--------+--------+--------+--------+--------+-----+--------+

Top non-repeatable levels by time:
     D:1: 440 daAuts
